 Dungeon Crawl Stone Soup version 0.13-a0-2474-g552a472 (webtiles) character file.

416 Rycklaryybbe the Poker (level 6, -3/44 HPs)
             Began as a Demonspawn Warper on July 18, 2013.
             Was a Follower of Okawaru.
             Killed from afar by an orc wizard (4 damage)
             ... with a magic dart
             ... on Level 3 of the Dungeon.
             The game lasted 00:16:30 (2963 turns).

Rycklaryybbe the Poker (Demonspawn Warper)          Turns: 2963, Time: 00:16:30

HP  -3/44        AC  5     Str 12      XL: 6   Next:  4%
MP   8/9         EV  8     Int 15      God: Okawaru [*.....]
Gold 139         SH  7     Dex 13      Spells:  2 memorised,  6 levels left

Res.Fire  : . . .   See Invis. : .   a - +3,+2 elf spear (vamp)
Res.Cold  : . . .   Warding    : .   k - +0 elf ring mail
Life Prot.: . . .   Conserve   : .   g - +0 buckler
Res.Poison: .       Res.Corr.  : .   (helmet restricted)
Res.Elec. : .       Clarity    : .   (no cloak)
Sust.Abil.: . .     Spirit.Shd : .   (no gloves)
Res.Mut.  : .       Stasis     : .   (no boots)
Res.Rott. : .       Flight     : .   (no amulet)
Saprovore : . . .                    (no ring)
                                     (no ring)

@: drained, slightly resistant to hostile enchantments, extremely unstealthy
A: antennae 2, spiny 1
a: Heroism, Renounce Religion


You were on level 3 of the Dungeon.
You worshipped Okawaru.
Okawaru was pleased with you.
You were near starving.

You visited 1 branch of the dungeon, and saw 4 of its levels.

You collected 89 gold pieces.

Inventory:

Hand weapons
 a - a +3,+2 elven vampiric spear (weapon)
 b - a +0 blowgun
 m - a +0,+0 short sword
 n - a +0,+0 hand axe of freezing
 t - a cursed -1,-1 whip
 x - a +0,+0 vampiric spear
Missiles
 e - 19 darts (quivered)
 f - 10 darts of dispersal
 j - 3 javelins
 y - a throwing net
 z - a throwing net [torn]
 F - 23 poisoned needles
Armour
 g - a +0 buckler (worn)
 k - a +0 elven ring mail (worn)
 u - a +0 ring mail
 E - a +0 leather armour
 H - a +0 orcish scale mail of cold resistance
Comestibles
 l - a meat ration
Scrolls
 h - 2 scrolls of teleportation {unknown}
 i - 8 scrolls of identify {unknown}
 p - a scroll of fog {unknown}
 q - a scroll of magic mapping {unknown}
 r - 3 scrolls of remove curse {unknown}
 v - a scroll of noise {unknown}
Jewellery
 A - an uncursed ring of sustenance {unknown}
Potions
 C - a potion of berserk rage
Books
 c - a book of Spatial Translocations

   Spells                             Type                      Level
   *Apportation                       Translocation                1
   Portal Projectile                  Translocation                2
   *Blink                             Translocation                2
   Shroud of Golubria                 Charms/Translocation         2
   Teleport Other                     Translocation                3
   Passage of Golubria                Translocation                4
 s - a book of Transfigurations

   Spells                             Type                      Level
   Stoneskin                          Transmutation/Earth          2
   Polymorph                          Hexes/Transmutation          4
   Ice Form                           Ice/Transmutation            4
   Statue Form                        Transmutation/Earth          6
   Dragon Form                        Transmutation                7


   Skills:
 - Level 2.0(1.5) Fighting
 - Level 1.7(1.2) Short Blades
 + Level 5.0(4.4) Polearms
 - Level 0.8(0.3) Throwing
 - Level 2.0(1.5) Armour
 - Level 1.7(1.2) Dodging
 - Level 2.0(1.5) Spellcasting
 - Level 2.6(2.1) Translocations


You had 6 spell levels left.
You knew the following spells:

 Your Spells              Type           Power        Failure   Level  Hunger
a - Apportation           Tloc           #.........   14%         1    ##.....
b - Blink                 Tloc           N/A          21%         2    ###....


Dungeon Overview and Level Annotations

Branches:
Dungeon (4/27)
 Temple: D:4-7

Altars:
Cheibriados
Okawaru
Xom


Innate Abilities, Weirdness & Mutations

You have a pair of antennae on your head.
You are partially covered in sharp spines.


Message History

Press: ? - help, Dir - move target cursor You swing wildly.
It hits you but does no damage.
Attack whom?
Press: ? - help, Dir - move target cursor You reach to attack!
You swing wildly.
It hits you.
* * * LOW HITPOINT WARNING * * *
Attack whom?
Press: ? - help, Dir - move target cursor You swing wildly.
It hits you.
* * * LOW HITPOINT WARNING * * *
Attack whom?
Press: ? - help, Dir - move target cursor You reach to attack!
You swing wildly.
You're too confused to cast spells.
It hits you but does no damage.
You swing at nothing.
You feel less confused.
You hear some strange, mumbled words.
The magic dart hits you!
You die...

## #....# #......# .#
######....# #####......## .#
###.........# #...#.......# .#
#...........# #...#.......### .#
#.#........####...#.........# .#
#.#........##.....#......##.# .#
#.#.......[##.....###.......#
####.###.####.##.....###.....###
##.....######.##@............#
)......+......)........#.....#
##.....#.########...)>.#.....#
#.....#.# #......####'##
#(...<#.# ##......# #.#
#######.# #...##..# #<# ##
###### #.#.##..######## .#
##...## ####.#.##.........#
.###.....## #.%....##.........#


There were no monsters in sight!

Vanquished Creatures
  An orc priest (D:3)
  A scorpion (D:3)
  An orc wizard (D:3)
  5 gnolls
  4 adders
  A worm (D:2)
  A giant mite (D:3)
  2 giant geckos
  An ooze (D:1)
  7 orcs (D:3)
  6 bats
  3 giant cockroaches
  13 goblins
  9 hobgoblins
  4 jackals (D:3)
  12 kobolds
  3 quokkas
  A ball python (D:2)
  5 giant newts
  6 rats
86 creatures vanquished.

Vanquished Creatures (others)
  A kobold (D:2)
1 creature vanquished.

Grand Total: 87 creatures vanquished

Notes
Turn   | Place    | Note
--------------------------------------------------------------
     0 | D:1      | Rycklaryybbe, the Demonspawn Warper, began the quest for the Orb.
     0 | D:1      | Reached XP level 1. HP: 15/15 MP: 1/1
    52 | D:1      | Reached skill level 1 in Armour
   446 | D:1      | Gained mutation: You are partially covered in sharp spines. [demonic ancestry]
   446 | D:1      | Reached XP level 2. HP: 18/21 MP: 3/3
   523 | D:1      | Found an iron altar of Okawaru.
   562 | D:1      | Became a worshipper of Warmaster Okawaru
   575 | D:1      | Reached skill level 1 in Polearms
   582 | D:1      | Learned a level 2 spell: Blink
   806 | D:1      | Gained mutation: You have a pair of small antennae on your head. [demonic ancestry]
   806 | D:1      | Reached XP level 3. HP: 26/26 MP: 4/4
  1235 | D:2      | Gained mutation: You have a pair of antennae on your head. [demonic ancestry]
  1235 | D:2      | Reached XP level 4. HP: 30/33 MP: 6/6
  1293 | D:2      | Reached skill level 3 in Polearms
  1471 | D:2      | Found a shimmering altar of Xom.
  1628 | D:3      | Found a snail-covered altar of Cheibriados.
  1789 | D:3      | Reached XP level 5. HP: 38/38 MP: 7/7
  2106 | D:3      | Reached skill level 4 in Polearms
  2300 | D:3      | Acquired Okawaru's first power
  2606 | D:3      | Reached skill level 5 in Polearms
  2606 | D:3      | Reached XP level 6. HP: 12/44 MP: 5/9
  2948 | D:3      | HP: 2/44 [something (1)]
  2959 | D:3      | HP: 2/44 [something (3)]
  2963 | D:3      | Killed from afar by an orc wizard

Action                   |  1- 3 |  4- 6 || total
-------------------------+-------+-------++-------
Melee: Short sword       |    38 |       ||    38
       Spear             |    81 |   229 ||   310
Throw: Dart              |    10 |       ||    10
 Cast: Apportation       |     1 |       ||     1
       Blink             |       |     3 ||     3
  Use: Potion            |       |     4 ||     4
